| TOP OF THE 1ST |
|
Burlington Bees batting - Pitching for Hickory Crawdads : RHP Mario Vizcaya
|
|
Pitching: RHP Mario Vizcaya
|
|
|
Batting: RHB Jeff Long
|
0-0: Ball 1-0: Called Strike 1-1: Foul Ball, location: 2F 1-2: Strikes out looking
|
|
Batting: RHB Jonathan Ellis
|
0-0: Ball 1-0: Swinging Strike 1-1: Swinging Strike 1-2: Ball 2-2: Strikes out swinging
|
|
Batting: LHB Bill Kirtley
|
0-0: Ball 1-0: Ball 2-0: Called Strike 2-1: Ball 3-1: Foul Ball, location: 2F 3-2: Ground out U3 (Groundball, 3, EV 85.0 MPH)
|
| Top of the 1st over - 0 runs, 0 hits, 0 errors, 0 left on base; Burlington 0 - Hickory 0 |
| BOTTOM OF THE 1ST |
|
Hickory Crawdads batting - Pitching for Burlington Bees : RHP Dave Jackson
|
|
Pitching: RHP Dave Jackson
|
|
|
Batting: RHB Rick Concha
|
0-0: Ball 1-0: Ball 2-0: Foul Ball, location: 2F 2-1: Foul Ball, location: 2F 2-2: Foul Ball, location: 2F 2-2: SINGLE (Line Drive, 4D, EV 102.5 MPH)
|
|
Batting: RHB George King
|
0-0: Ball 1-0: Called Strike 1-1: Ball 2-1: Swinging Strike 2-2: Foul Ball, location: 2F 2-2: Ball 3-2: Foul Ball, location: 2F 3-2: Foul Ball, location: 2F 3-2: Strikes out swinging
|
|
Batting: LHB William Hanley
|
0-0: Ball Rick Concha is caught stealing 2nd base 2-6 1-0: Foul Ball, location: 2F 1-1: Ball 2-1: Foul Ball, location: 2F 2-2: Ball 3-2: Ground out 4-3 (Groundball, 4, EV 81.2 MPH)
|
| Bottom of the 1st over - 0 runs, 1 hit, 0 errors, 0 left on base; Burlington 0 - Hickory 0 |
| TOP OF THE 2ND |
|
Burlington Bees batting - Pitching for Hickory Crawdads : RHP Mario Vizcaya
|
|
Batting: RHB Melvin Gomez
|
0-0: Called Strike 0-1: Ball 1-1: Swinging Strike 1-2: Ball 2-2: Ground out 3-1 (Groundball, 34, EV 86.9 MPH)
|
|
Batting: LHB Rusty Ney
|
0-0: Called Strike 0-1: Ball 1-1: Ball 2-1: Foul Ball, location: 2F 2-2: Foul Ball, location: 2F 2-2: Strikes out swinging
|
|
Batting: RHB Ryan Munro
|
0-0: Called Strike 0-1: Ball 1-1: Swinging Strike 1-2: Strikes out swinging
|
| Top of the 2nd over - 0 runs, 0 hits, 0 errors, 0 left on base; Burlington 0 - Hickory 0 |
| BOTTOM OF THE 2ND |
|
Hickory Crawdads batting - Pitching for Burlington Bees : RHP Dave Jackson
|
|
Batting: RHB Salvador Caldera
|
0-0: Foul Ball, location: 2F 0-1: Called Strike 0-2: Ball 1-2: Ground out 4-3 (Groundball, 4MD, EV 82.5 MPH)
|
|
Batting: RHB Nate Calderin
|
0-0: Ground out 6-3 (Groundball, 6MD, EV 105.6 MPH)
|
|
Batting: RHB Yusuke Nakamura
|
0-0: Called Strike 0-1: Foul Ball, location: 2F 0-2: Ball 1-2: Ball 2-2: Ball 3-2: Fly out, F8 (Line Drive, 8RM, EV 97.5 MPH)
|
| Bottom of the 2nd over - 0 runs, 0 hits, 0 errors, 0 left on base; Burlington 0 - Hickory 0 |
| TOP OF THE 3RD |
|
Burlington Bees batting - Pitching for Hickory Crawdads : RHP Mario Vizcaya
|
|
Batting: RHB Adam Noyes
|
0-0: Ball 1-0: Ball 2-0: Called Strike 2-1: Ball 3-1: Called Strike 3-2: Strikes out looking
|
|
Batting: SHB Tim Connell
|
0-0: Swinging Strike 0-1: Foul Ball, location: 2F 0-2: Ball 1-2: Strikes out swinging
|
|
Batting: RHB Rob Bly
|
0-0: Ball 1-0: Called Strike 1-1: Ball 2-1: SINGLE (Flyball, 34D, EV 84.4 MPH)
|
|
Batting: RHB Jeff Long
|
0-0: Fielders Choice at 2nd, 6-4 (Groundball, 6, EV 80.0 MPH)
|
| Top of the 3rd over - 0 runs, 1 hit, 0 errors, 1 left on base; Burlington 0 - Hickory 0 |
| BOTTOM OF THE 3RD |
|
Hickory Crawdads batting - Pitching for Burlington Bees : RHP Dave Jackson
|
|
Batting: LHB Casper Kersten
|
0-0: Ground out 5-3 (Groundball, 56, EV 88.1 MPH)
|
|
Batting: RHB Gavin Fimple
|
0-0: Ball 1-0: Ball 2-0: Called Strike 2-1: Foul Ball, location: 2F 2-2: SINGLE (Groundball, 6MD, EV 97.5 MPH)
|
|
Batting: RHB Adryão Anto
|
0-0: Called Strike 0-1: Ball 1-1: Ball Gavin Fimple steals 2nd base 2-1: Ground out 6-3 (Groundball, 6, EV 110.0 MPH)
|
|
Batting: RHB Rick Concha
|
0-0: Ball 1-0: Ball 2-0: Called Strike 2-1: SINGLE (Groundball, 4MS, EV 70.0 MPH) (infield hit) Gavin Fimple to third
|
|
Batting: RHB George King
|
0-0: Ball 1-0: Ball Wild Pitch! Gavin Fimple scores Rick Concha to second 2-0: Swinging Strike 2-1: Swinging Strike 2-2: Strikes out swinging
|
| Bottom of the 3rd over - 1 run, 2 hits, 0 errors, 1 left on base; Burlington 0 - Hickory 1 |
| TOP OF THE 4TH |
|
Burlington Bees batting - Pitching for Hickory Crawdads : RHP Mario Vizcaya
|
|
Batting: RHB Jonathan Ellis
|
0-0: SINGLE (Groundball, 4M, EV 90.6 MPH) (infield hit)
|
|
Batting: LHB Bill Kirtley
|
0-0: Called Strike 0-1: Ball 1-1: Ball 2-1: Foul Ball, location: 2F 2-2: Foul Ball, location: 2F 2-2: Fly out, F4 (Line Drive, 3, EV 70.6 MPH)
|
|
Batting: RHB Melvin Gomez
|
0-0: Called Strike 0-1: Ball 1-1: Foul Ball, location: 2F 1-2: Ball 2-2: Fielders Choice at 2nd, 2-4 (Groundball, 15S, EV 64.4 MPH)
|
|
Batting: LHB Rusty Ney
|
0-0: Ball 1-0: SINGLE (Line Drive, 6D, EV 105.6 MPH) Melvin Gomez to second
|
|
Batting: RHB Ryan Munro
|
0-0: DOUBLE (Groundball, 5L, EV 105.0 MPH) Melvin Gomez scores Rusty Ney to third Runner from 3rd tries for Home, SAFE, throw by LF to home
|
|
Batting: RHB Adam Noyes
|
0-0: Called Strike 0-1: Ball 1-1: Ball 2-1: Ground out 6-3 (Groundball, 56, EV 96.9 MPH)
|
| Top of the 4th over - 2 runs, 3 hits, 0 errors, 1 left on base; Burlington 2 - Hickory 1 |
| BOTTOM OF THE 4TH |
|
Hickory Crawdads batting - Pitching for Burlington Bees : RHP Dave Jackson
|
|
Batting: LHB William Hanley
|
0-0: SINGLE (Flyball, 5D, EV 93.1 MPH)
|
|
Batting: RHB Salvador Caldera
|
0-0: Called Strike 0-1: Ball 1-1: Foul Ball, location: 2F 1-2: Strikes out looking
|
|
Batting: RHB Nate Calderin
|
0-0: Called Strike 0-1: Swinging Strike 0-2: SINGLE (Line Drive, 8LM, EV 85.6 MPH) William Hanley to second
|
|
Batting: RHB Yusuke Nakamura
|
0-0: Called Strike 0-1: Swinging Strike 0-2: Fly out, F9 (Flyball, 9D, EV 97.5 MPH) Runner from 2nd tags up, SAFE at 3rd, no throw by RF
|
|
Batting: LHB Casper Kersten
|
0-0: Ball 1-0: Called Strike 1-1: Ball 2-1: Fly out, F8 (Flyball, 8RM, EV 97.5 MPH)
|
| Bottom of the 4th over - 0 runs, 2 hits, 0 errors, 2 left on base; Burlington 2 - Hickory 1 |
| TOP OF THE 5TH |
|
Burlington Bees batting - Pitching for Hickory Crawdads : RHP Mario Vizcaya
|
|
Batting: SHB Tim Connell
|
0-0: Ball 1-0: Ball 2-0: Ball 3-0: Called Strike 3-1: Base on Balls
|
|
Batting: RHB Rob Bly
|
0-0: Called Strike 0-1: Ball 1-1: Ball 2-1: Foul Ball, location: 2F 2-2: Foul Ball, location: 2F 2-2: Strikes out swinging
|
|
Batting: RHB Jeff Long
|
0-0: Fielders Choice at 2nd, 6-4 (Groundball, 56, EV 83.8 MPH)
|
|
Batting: RHB Jonathan Ellis
|
0-0: Called Strike Jeff Long steals 2nd, throwing error, E2 Jeff Long to third 0-1: Ball 1-1: Swinging Strike 1-2: Ground out 5-3 (Groundball, 56, EV 96.2 MPH)
|
| Top of the 5th over - 0 runs, 0 hits, 1 error, 1 left on base; Burlington 2 - Hickory 1 |
| BOTTOM OF THE 5TH |
|
Hickory Crawdads batting - Pitching for Burlington Bees : RHP Dave Jackson
|
|
Batting: RHB Gavin Fimple
|
0-0: Foul Ball, location: 2F 0-1: Ball 1-1: Foul Ball, location: 2F 1-2: Ball 2-2: Strikes out looking
|
|
Batting: RHB Adryão Anto
|
0-0: Called Strike 0-1: Swinging Strike 0-2: Ball 1-2: Ball 2-2: Fly out, F8 (Flyball, 8LM, EV 91.2 MPH)
|
|
Batting: RHB Rick Concha
|
0-0: Foul Ball, location: 2F 0-1: Ground out 5-3 (Groundball, 56, EV 83.1 MPH)
|
| Bottom of the 5th over - 0 runs, 0 hits, 0 errors, 0 left on base; Burlington 2 - Hickory 1 |
| TOP OF THE 6TH |
|
Burlington Bees batting - Pitching for Hickory Crawdads : RHP Mario Vizcaya
|
|
Batting: LHB Bill Kirtley
|
0-0: Ball 1-0: Foul Ball, location: 2F 1-1: Foul Ball, location: 2F 1-2: Strikes out swinging
|
|
Batting: RHB Melvin Gomez
|
0-0: Foul Ball, location: 2F 0-1: Ball 1-1: Swinging Strike 1-2: Foul Ball, location: 2F 1-2: Ball 2-2: Ball 3-2: Strikes out swinging
|
|
Batting: LHB Rusty Ney
|
0-0: Ball 1-0: Swinging Strike 1-1: DOUBLE (Groundball, 5L, EV 103.1 MPH)
|
|
Batting: RHB Ryan Munro
|
0-0: Ball 1-0: Called Strike 1-1: Ball 2-1: Foul Ball, location: 2F 2-2: Ball 3-2: Foul Ball, location: 2F 3-2: Fly out, F8 (Line Drive, 8RM, EV 96.9 MPH)
|
| Top of the 6th over - 0 runs, 1 hit, 0 errors, 1 left on base; Burlington 2 - Hickory 1 |
| BOTTOM OF THE 6TH |
|
Hickory Crawdads batting - Pitching for Burlington Bees : RHP Dave Jackson
|
|
Batting: RHB George King
|
0-0: Called Strike 0-1: Ball 1-1: Swinging Strike 1-2: Fly out, F7 (Flyball, 7S, EV 94.4 MPH)
|
|
Pitching: LHP Tyler Kenney
|
|
|
Pinch Hitting: RHB Mike Trujillo
|
0-0: Ball 1-0: Ball 2-0: Ground out 6-3 (Groundball, 6, EV 108.8 MPH)
|
|
Batting: RHB Salvador Caldera
|
0-0: Foul Ball, location: 2F 0-1: Called Strike 0-2: Foul Ball, location: 2F 0-2: Foul Ball, location: 2F 0-2: Ball 1-2: Ball 2-2: SINGLE (Line Drive, 8RS, EV 90.6 MPH)
|
|
Batting: RHB Nate Calderin
|
0-0: Ball 1-0: Ball 2-0: Called Strike 2-1: Foul Ball, location: 2F 2-2: Ball 3-2: Foul Ball, location: 2F 3-2: Base on Balls Salvador Caldera to second
|
|
Batting: RHB Yusuke Nakamura
|
0-0: Called Strike 0-1: Fielders Choice at 2nd, 5-4 (Groundball, 56, EV 78.8 MPH)
|
| Bottom of the 6th over - 0 runs, 1 hit, 0 errors, 2 left on base; Burlington 2 - Hickory 1 |
| TOP OF THE 7TH |
|
Burlington Bees batting - Pitching for Hickory Crawdads : RHP Mario Vizcaya
|
|
Pitching: LHP Danny Frizzell
|
|
|
Now in LF: Mike Trujillo
|
|
|
Batting: RHB Adam Noyes
|
0-0: Ball 1-0: Swinging Strike 1-1: Swinging Strike 1-2: Strikes out swinging
|
|
Batting: SHB Tim Connell
|
0-0: Swinging Strike 0-1: Called Strike 0-2: Ball 1-2: Ball 2-2: Strikes out looking
|
|
Batting: RHB Rob Bly
|
0-0: Ball 1-0: Called Strike 1-1: Swinging Strike 1-2: Ball 2-2: Ball 3-2: Strikes out looking
|
| Top of the 7th over - 0 runs, 0 hits, 0 errors, 0 left on base; Burlington 2 - Hickory 1 |
| BOTTOM OF THE 7TH |
|
Hickory Crawdads batting - Pitching for Burlington Bees : LHP Tyler Kenney
|
|
Batting: LHB Casper Kersten
|
0-0: Ball 1-0: Called Strike 1-1: Foul Ball, location: 2F 1-2: Ball 2-2: Ball 3-2: DOUBLE (Line Drive, 5D, EV 103.8 MPH)
|
|
Batting: RHB Gavin Fimple
|
0-0: Ball 1-0: Bunted foul 1-1: Bunted foul 1-2: Ground out 6-3 (Groundball, 6, EV 108.8 MPH)
|
|
Batting: RHB Adryão Anto
|
0-0: Ball 1-0: Ball 2-0: Called Strike 2-1: Ball 3-1: Called Strike 3-2: Foul Ball, location: 2F 3-2: Fly out, F2 (Popup, 2LF, EV 85.0 MPH)
|
|
Batting: RHB Rick Concha
|
Balk! Casper Kersten to third 0-0: Called Strike 0-1: Swinging Strike 0-2: Strikes out swinging
|
| Bottom of the 7th over - 0 runs, 1 hit, 0 errors, 1 left on base; Burlington 2 - Hickory 1 |
| TOP OF THE 8TH |
|
Burlington Bees batting - Pitching for Hickory Crawdads : LHP Danny Frizzell
|
|
Batting: RHB Jeff Long
|
0-0: Ball 1-0: Fly out, F9 (Line Drive, 89S, EV 90.0 MPH)
|
|
Batting: RHB Jonathan Ellis
|
0-0: Swinging Strike 0-1: Ball 1-1: Ball 2-1: Ball 3-1: Base on Balls
|
|
Batting: LHB Bill Kirtley
|
0-0: Ball 1-0: Called Strike 1-1: Called Strike 1-2: Ball 2-2: Strikes out swinging
|
|
Batting: RHB Melvin Gomez
|
0-0: Ball 1-0: Called Strike 1-1: Ball 2-1: Called Strike Jonathan Ellis is caught stealing 2nd base 2-4
|
| Top of the 8th over - 0 runs, 0 hits, 0 errors, 0 left on base; Burlington 2 - Hickory 1 |
| BOTTOM OF THE 8TH |
|
Hickory Crawdads batting - Pitching for Burlington Bees : LHP Tyler Kenney
|
|
Pitching: RHP Mike Walrath
|
|
|
Now at 3B: Steve Hughey
|
|
|
Batting: RHB George King
|
0-0: Called Strike 0-1: Ball 1-1: SINGLE (Flyball, 78S, EV 96.9 MPH)
|
|
Pinch Hitting: SHB Isaiah Cherry
|
0-0: Ball 1-0: Ball 2-0: Called Strike 2-1: Foul Ball, location: 2F 2-2: Ball 3-2: Foul Ball, location: 2F 3-2: Base on Balls George King to second
|
|
Batting: RHB Salvador Caldera
|
0-0: Ball 1-0: Fielders Choice at 2nd, 5-4 (Groundball, 56, EV 91.9 MPH) George King to third
|
|
Pitching: RHP Mike Guidroz
|
|
|
Batting: RHB Nate Calderin
|
0-0: Called Strike Salvador Caldera steals 2nd, throwing error, E2 George King scores Salvador Caldera to third 0-1: Foul Ball, location: 2F 0-2: Strikes out swinging
|
|
Batting: RHB Yusuke Nakamura
|
0-0: Called Strike 0-1: Called Strike 0-2: Ball 1-2: Ball 2-2: Foul Ball, location: 2F 2-2: Ball 3-2: Fly out, F8 (Flyball, 8RM, EV 83.1 MPH)
|
| Bottom of the 8th over - 1 run, 1 hit, 1 error, 1 left on base; Burlington 2 - Hickory 2 |
| TOP OF THE 9TH |
|
Burlington Bees batting - Pitching for Hickory Crawdads : LHP Danny Frizzell
|
|
Pitching: RHP Jeff Bliss
|
|
|
Now in LF: Franklin Pacheco
|
|
|
Batting: RHB Melvin Gomez
|
0-0: Ground out 5-3 (Groundball, 56S, EV 66.9 MPH)
|
|
Batting: LHB Rusty Ney
|
0-0: Swinging Strike 0-1: Swinging Strike 0-2: Strikes out swinging
|
|
Batting: RHB Ryan Munro
|
0-0: Ball 1-0: Called Strike 1-1: Swinging Strike 1-2: Ball 2-2: Strikes out swinging
|
| Top of the 9th over - 0 runs, 0 hits, 0 errors, 0 left on base; Burlington 2 - Hickory 2 |
| BOTTOM OF THE 9TH |
|
Hickory Crawdads batting - Pitching for Burlington Bees : RHP Mike Guidroz
|
|
Pitching: LHP Jordan Galdamez
|
|
|
Pinch Hitting: RHB Salamander Hed
|
0-0: Called Strike 0-1: Ball 1-1: Swinging Strike 1-2: Strikes out looking
|
|
Batting: RHB Gavin Fimple
|
0-0: Foul Ball, location: 2F 0-1: Ball 1-1: Ball 2-1: Foul Ball, location: 2F 2-2: Ball 3-2: Strikes out swinging
|
|
Batting: RHB Adryão Anto
|
0-0: Ball 1-0: Foul Ball, location: 2F 1-1: Ball 2-1: Ball 3-1: Base on Balls
|
|
Batting: RHB Rick Concha
|
0-0: Ball Adryão Anto is caught stealing 2nd base 2-4
|
| Bottom of the 9th over - 0 runs, 0 hits, 0 errors, 0 left on base; Burlington 2 - Hickory 2 |
| TOP OF THE 10TH |
|
Burlington Bees batting - Pitching for Hickory Crawdads : RHP Jeff Bliss
|
|
Now at 3B: Takeo Nishiguchi
|
|
|
Pinch Hitting: SHB Conor Davies
|
0-0: Swinging Strike 0-1: Swinging Strike 0-2: Strikes out looking
|
|
Batting: SHB Tim Connell
|
0-0: Ground out 4-3 (Groundball, 4, EV 101.9 MPH)
|
|
Batting: RHB Rob Bly
|
0-0: Called Strike 0-1: Ball 1-1: SINGLE (Line Drive, 8RS, EV 106.2 MPH)
|
|
Batting: RHB Jeff Long
|
0-0: Foul Ball, location: 2F 0-1: Foul Ball, location: 2F 0-2: Strikes out swinging
|
| Top of the 10th over - 0 runs, 1 hit, 0 errors, 1 left on base; Burlington 2 - Hickory 2 |
| BOTTOM OF THE 10TH |
|
Hickory Crawdads batting - Pitching for Burlington Bees : LHP Jordan Galdamez
|
|
Now in RF: Conor Davies
|
|
|
Batting: RHB Rick Concha
|
0-0: Ball 1-0: Foul Ball, location: 2F 1-1: Swinging Strike 1-2: Ball 2-2: Ball 3-2: Strikes out swinging
|
|
Batting: RHB George King
|
0-0: Ball 1-0: Ball 2-0: Ball 3-0: Called Strike 3-1: Foul Ball, location: 2F 3-2: Base on Balls
|
|
Batting: RHB Franklin Pacheco
|
0-0: Ball 1-0: Ball George King steals 2nd, throwing error, E2 George King to third 2-0: SINGLE (Groundball, 6, EV 86.2 MPH) (infield hit) George King scores
|
| Bottom of the 10th over - 1 run, 1 hit, 1 error, 0 left on base; Burlington 2 - Hickory 3 |
| |
|
Game Over ... Hickory defeats Burlington, 3 to 2
|
|
|